 Dungeon Crawl Stone Soup version 0.31-a0-559-g03b8d61ab2 (webtiles) character file.

Game seed: 11108195540308863293

476 Ethylacetat the Ducker (level 7, -1/73 HPs)
             Began as an Octopode Gladiator on Aug 16, 2023.
             Slain by a ball python (3 damage)
             ... in a sewer on Aug 17, 2023.
             The game lasted 00:03:46 (1757 turns).

Ethylacetat the Ducker (Octopode Gladiator)         Turns: 1757, Time: 00:03:47

Health: -1/73      AC:  1    Str: 20    XL:     7   Next: 10%
Magic:  7/7        EV: 12    Int: 10    God:
Gold:   99         SH:  0    Dex: 15    Spells: 6/6 levels left

rFire   . . .        f - +2 dagger (venom)
rCold   . . .        (no shield)
rNeg    . . .        a - +0 hat
rPois   .            (no amulet)
rElec   .            e - +6 ring of strength
rCorr   .            (no ring)
SInv    .            (no ring)
Will    .....        (no ring) Stlth
                     (no ring)
HPRegen 0.32/turn    (no ring)
MPRegen 0.10/turn    (no ring)
                     (no ring)

%: no passive effects
@: berserking, lethally poisoned (-1 -> -3), constricted, very quick
A: almost no armour, amphibious, 8 rings, camouflage 1, gelatinous body 1,
(nimble swimmer 1), tentacles
a: no special abilities


You were in a sewer.
You visited 1 branch of the dungeon, and saw 3 of its levels.
You also visited: Sewer.

You collected 99 gold pieces.

Inventory:

Hand Weapons
 f - a +2 dagger of venom (weapon)
Missiles
 b - 3 throwing nets (quivered)
 c - a javelin
Armour
 a - a +0 hat (worn)
Jewellery
 e - a +6 ring of strength (left tentacle)
Scrolls
 d - a scroll of enchant armour {unknown}
 g - a scroll of fog {unknown}
 h - 2 scrolls of identify {unknown}
 n - a scroll of blinking {unknown}
Potions
 i - a potion of mutation {unknown}
 j - a potion of berserk rage
 k - 2 potions of curing {unknown}
 l - a potion of attraction {unknown}
 m - a potion of brilliance {unknown}


   Skills:
 + Level 4.5 Fighting
 - Level 2.0 Throwing
 + Level 5.1 Dodging
 + Level 5.0 Unarmed Combat


You had 6 spell levels left.
You didn't know any spells.
Your spell library was empty.

Dungeon Overview and Level Annotations

Branches:
Dungeon (3/15)              Sewer (1/1)

Altars:
Makhleb


Innate Abilities, Weirdness & Mutations

You cannot wear most types of armour.
You are amphibious.
You can wear up to eight rings at the same time.
Your skin changes colour to match your surroundings (Stealth+).
Your rubbery body absorbs attacks. (AC +1, EV +1)
((You are camouflaged when in or above water. (Stealth+)))
You have tentacles for arms and can constrict up to eight enemies at once.


Message History

The ball python completely misses you.
It was a potion of berserk rage.
A red film seems to cover your vision as you go berserk!
You feel yourself moving faster!
You feel mighty!
You constrict the bullfrog.
You feel sick.
The bullfrog struggles to escape constriction.
The adder completely misses you.
The bullfrog releases a deep croak.
The bullfrog barely misses you. The ball python bites you.
* * * LOW HITPOINT WARNING * * *
The ball python closely misses you. x2; The ball python grabs you.
The ball python constricts you.
You puncture the bullfrog!
You kill the bullfrog!
You feel sick. The adder bites you.
* * * LOW HITPOINT WARNING * * *
The ball python bites you.
* * * LOW HITPOINT WARNING * * *
The ball python bites you.
* * * LOW HITPOINT WARNING * * *
The bullfrog hits you.
* * * LOW HITPOINT WARNING * * *
Your Dodging skill increases to level 5!
Your Unarmed Combat skill increases to level 5!
You have reached level 7!
You hit the adder.
The adder is poisoned.
Your grab misses the adder. Your squeeze misses the adder.
The adder is moderately wounded.
* * * LOW HITPOINT WARNING * * *
You feel sick. The ball python barely misses you.
The ball python constricts you.
* * * LOW HITPOINT WARNING * * *
The adder misses you.
The ball python bites you but does no damage.
Unknown command.
You are too berserk!
You miss the adder. You grab the adder. You squeeze the adder.
You kill the adder!
The bullfrog barely misses you. The ball python bites you.
You die...

......#
#.....
##~~...#
#.~.~~
#~≈~≈≈≈#
#≈~~≈≈
#≈≈~~~≈#
#~~~≈≈
#≈~~~≈≈#
#~~~~≈
#≈~~~~≈#
#~~~~~
#≈≈~~≈≈#
#≈~~~~
#†F#~≈≈#
#≈≈≈≈≈
#~@S≈≈≈#
#≈≈≈≈~
#~SS≈≈≈#
#≈~.~~
#~~≈≈≈≈#
#≈~..~
#≈≈~~≈≈#
##.~..
#≈~~~≈≈#
#~~≈≈≈
#≈≈~~≈≈#
#~~~≈≈
#≈≈~~~≈#
#≈~~~~
#≈≈~~≈≈#
#≈~≈~~
#≈~≈~~~#####
#~≈≈†≈


You could see a bullfrog and 3 ball pythons.

Vanquished Creatures
  Sigmund (D:2)
  A bullfrog (Sewer)
  Terence (D:2)
  Natasha (twice) (D:2)
  7 adders
  5 river rats (Sewer)
  A worm (D:2)
  4 dart slugs (D:1)
  12 ball pythons
  6 bats
  2 endoplasms
  2 giant cockroaches
  2 goblins
  9 hobgoblins
  5 jackals
  2 kobolds (D:1)
  A quokka (D:1)
  2 frilled lizards (D:1)
  27 rats
92 creatures vanquished.

Notes
Turn   | Place    | Note
-------+----------+-------------------------------------------
     0 | D:1      | Ethylacetat the Octopode Gladiator began the quest for the
                  | Orb.
     0 | D:1      | Reached XP level 1. HP: 14/14 MP: 1/1
    62 | D:1      | Reached XP level 2. HP: 12/19 MP: 2/2
   404 | D:1      | Upgraded the game from 0.31-a0-549-gf98fd537a9 to
                  | 0.31-a0-559-g03b8d61ab2
   473 | D:1      | Reached XP level 3. HP: 24/25 MP: 3/3
   826 | D:2      | Noticed Sigmund
   840 | D:1      | HP: 1/25 [poisoned by Sigmund]
   976 | D:2      | Killed Sigmund
   977 | D:2      | Reached XP level 4. HP: 18/33 MP: 4/4
   977 | D:2      | Reached XP level 5. HP: 20/37 MP: 5/5
  1095 | D:2      | Found a burning altar of Makhleb.
  1095 | D:2      | Noticed Terence
  1104 | D:2      | Killed Terence
  1105 | D:2      | Reached XP level 6. HP: 43/43 MP: 6/6
  1207 | D:2      | Noticed Natasha
  1213 | D:2      | Killed Natasha
  1325 | D:2      | Noticed Natasha
  1330 | D:2      | Killed Natasha
  1430 | D:3      | Found a glowing drain.
  1447 | Sewer    | Entered a sewer
  1755 | Sewer    | HP: 3/66 [bullfrog (4)]
  1756 | Sewer    | Reached skill level 5 in Dodging
  1756 | Sewer    | Reached skill level 5 in Unarmed Combat
  1756 | Sewer    | Reached XP level 7. HP: 4/49 MP: 7/7
  1757 | Sewer    | Slain by a ball python

Illustrated notes

Levels and vault maps discovered:
D:1:      shiori_shiawase, layout_basic
D:2:      layout_rooms, basic_altar, uniq_sigmund, uniq_natasha, uniq_terence
D:3:      gammafunk_steamed_eel, layout_loops_cross,
          gammafunk_temple_overflow_pools, cheibrodos_sewer_entry_sluice,
          hellmonk_ecumenical_altar_leap_of_faith, biasface_ghost_orc_armoury,
          moated_statue, glass_columns_a, serial_park_tiny_pond,
          palyth_stone_intersect
Sewer:    sewer_minmay_w

Skill      XL: |  1  2  3  4  5  6 |
---------------+-------------------+-----
Fighting       | 3 4 |  4.5
Dodging        | 4 5 |  5.1
Unarmed Combat | 4 5 |  5.0
Throwing       | |  2.0

Action                     |  1- 3 |  4- 6 |  7- 9 || total
---------------------------+-------+-------+-------++-------
  Melee: Unarmed           |    18 |       |       ||    18
         Constrict         |    19 |    28 |     1 ||    48
         Tentacles         |    12 |    29 |     1 ||    42
         Dagger            |    39 |   100 |     2 ||   141
         Punch             |     1 |     2 |       ||     3
    Use: Potion            |       |     1 |       ||     1
   Stab: Sleeping          |     6 |     5 |       ||    11
 Armour: Skin              |     4 |     4 |     1 ||     9
  Dodge: Dodged            |    46 |    96 |     3 ||   145

Table legend: (Time is in decaauts)
 A = Elapsed time spent in this place.
 B = Non-inter-level travel time spent in this place.
 C = Inter-level travel time spent in this place.
 D = Time resting spent in this place.
 E = Time spent auto-exploring this place.
 F = Levels seen in this place.
 G = Mean time per level.
                   A        B        C        D        E       F      G
               +--------+--------+--------+--------+--------+-----+--------+
         Total |   1756 |   1647 |    109 |    114 |   1117 |   4 |  439.0 |
       Dungeon |   1447 |   1338 |    109 |    114 |    930 |   3 |  482.3 |
         Sewer |    309 |    309 |      0 |      0 |    187 |   1 |  309.0 |
               +--------+--------+--------+--------+--------+-----+--------+

Top non-repeatable levels by time:
     D:1: 940 daAuts
     D:2: 476 daAuts
   Sewer: 309 daAuts
     D:3: 30 daAuts
